Map: Honorgrounds LE

Players

MaNa - Winner!

  • Race: Protoss Protoss
  • Spawn Location: 7:00

aAaMiNiMaTh (MiNiMaTh)

  • Race: Zerg Zerg
  • Spawn Location: 11:00

Event: IEM XI Katowice - World Championship 2017

VOD

Have the link to the VOD?

Description

Time

  • Played on: Feb. 28, 2017, 11:19 a.m.
  • Length: 9:33

All games in this series

Show
View Real Time Build Order
Export as new Build Order

MaNa Protoss - Winner!

Build Orders: 1 Gate Expand, Zealot Archon, Dark Templar Rush 

Get SALT Encoding   

  12  0:00  Probe (Chrono Boost)  
  13  0:11  Probe (Chrono Boost)  
  14  0:17  Pylon  
  14  0:22  Probe (Chrono Boost)  
  16  0:35  Probe (Chrono Boost)  
  16  0:38  Gateway  
  16  0:46  Probe (Chrono Boost)  
  16  0:49  Assimilator  
  17  0:56  Probe (Chrono Boost)  
  18  1:07  Probe (Chrono Boost)  
  19  1:18  Probe (Chrono Boost)  
  20  1:26  Nexus  
  20  1:36  Cybernetics Core  
  20  1:40  Probe (Chrono Boost)  
  21  1:49  Assimilator  
  21  1:50  Probe (Chrono Boost)  
  22  1:56  Pylon  
  22  2:02  Probe (Chrono Boost)  
  23  2:14  Probe (Chrono Boost)  
  23  2:15  Warp Gate, Adept  
  26  2:25  Mothership Core (Chrono Boost)  
  28  2:38  Probe (Chrono Boost)  
  28  2:42  Twilight Council  
  28  2:43  Probe (Chrono Boost)  
  30  2:49  Probe (Chrono Boost)  
  31  2:54  Probe (Chrono Boost)  
  32  2:59  Probe (Chrono Boost)  
  32  3:02  Robotics Facility  
  32  3:04  Probe (Chrono Boost)  
  34  3:10  Probe (Chrono Boost)  
  35  3:15  Probe (Chrono Boost)  
  36  3:20  Probe (Chrono Boost)  
  36  3:25  Probe (Chrono Boost)  
  38  3:29  Dark Shrine  
  38  3:31  Probe (Chrono Boost)  
  41  3:36  Probe (Chrono Boost)  
  42  3:41  Probe (Chrono Boost)  
  42  3:44  Gateway, Warp Prism  
  42  3:45  Gateway  
  42  3:47  Probe (Chrono Boost)  
  42  3:54  Gateway  
  45  3:55  Probe (Chrono Boost)  
  45  3:59  Probe (Chrono Boost)  
  46  4:08  Assimilator  
  46  4:09  Assimilator  
  46  4:16  Probe x2 (Chrono Boost)  
  46  4:21  Resonating Glaives  
  45  4:27  Probe (Chrono Boost)  
  45  4:30  Pylon  
  46  4:41  Pylon  
  46  4:49  Probe x2 (Chrono Boost)  
  46  4:51  Dark Templar x3  
  54  4:55  Archon  
  54  4:59  Dark Templar  
  57  5:00  Probe x2 (Chrono Boost)  
  57  5:04  Pylon, Archon  
  58  5:10  Probe (Chrono Boost)  
  58  5:11  Nexus  
  59  5:19  Pylon, Probe (Chrono Boost)  
  59  5:21  Probe (Chrono Boost)  
  61  5:25  Warp Prism  
  63  5:39  Probe x2 (Chrono Boost)  
  63  5:41  Adept x2  
  63  5:42  Adept x2  
  73  5:50  Probe x2 (Chrono Boost)  
  75  6:01  Pylon  
  75  6:13  Forge  
  75  6:19  Immortal  
  75  6:23  Adept x2  
  75  6:24  Adept x2  
  87  6:26  Probe (Chrono Boost)  
  87  6:29  Probe x2 (Chrono Boost)  
  82  6:36  Probe (Chrono Boost)  
  82  6:39  Probe (Chrono Boost)  
  82  6:47  Adept x3  
  82  6:48  Adept  
  82  6:53  Probe (Chrono Boost)  
  91  6:56  Immortal  
  91  6:58  Protoss Ground Weapons Level 1, Probe (Chrono Boost)  
  88  7:05  Probe (Chrono Boost)  
  88  7:08  Sentry x4  
  89  7:09  Blink  
  89  7:18  Probe (Chrono Boost)  
  89  7:19  Probe (Chrono Boost)  
  91  7:24  Gateway  
  91  7:27  Gateway  
  91  7:28  Gateway  
  91  7:31  Assimilator  
  91  7:32  Sentry x2  
  91  7:33  Assimilator, Sentry, Stalker  
  99  7:40  Pylon  
  99  7:41  Pylon  
  99  7:43  Pylon  
  99  7:58  Pylon, Probe (Chrono Boost)  
  101  7:59  Probe (Chrono Boost), Immortal  
  101  8:00  Probe (Chrono Boost)  
  101  8:05  Stalker x3  
  84  8:31  Stalker x4  
  80  8:38  Immortal  
  81  8:42  Pylon  
  81  8:48  Pylon  
  81  8:51  Adept x2  
  81  8:52  Adept x2  
  81  8:54  Adept x3  
  95  8:57  Probe x3 (Chrono Boost)  
  97  9:09  Probe x2 (Chrono Boost)  
  93  9:18  Adept x4  
  95  9:26  Adept x3  
Show
View Real Time Build Order
Export as new Build Order

aAaMiNiMaTh Zerg 

Build Orders: Hatch First 

Get SALT Encoding   

  12  0:00  Drone  
  13  0:12  Overlord  
  13  0:17  Drone  
  14  0:31  Drone x2  
  14  0:35  Drone  
  17  0:57  Drone  
  17  0:58  Drone  
  19  1:04  Hatchery  
  18  1:11  Extractor  
  18  1:14  Spawning Pool  
  18  1:17  Drone  
  17  1:20  Drone  
  18  1:28  Drone  
  19  1:38  Overlord  
  19  1:56  Drone  
  19  2:00  Queen  
  22  2:01  Zergling x2  
  23  2:11  Metabolic Boost  
  23  2:12  Drone  
  24  2:16  Drone  
  24  2:17  Queen  
  27  2:23  Drone  
  28  2:33  Hatchery  
  28  2:35  Drone  
  28  2:36  Drone  
  29  2:45  Queen  
  29  2:49  Overlord  
  31  2:53  Drone  
  31  2:55  Zergling x2  
  31  2:56  Zergling x2  
  33  3:04  Zergling x2  
  34  3:10  Drone x5  
  39  3:21  Drone x2  
  40  3:30  Drone  
  40  3:33  Drone  
  42  3:37  Drone  
  43  3:43  Overlord  
  43  3:44  Overlord, Drone  
  43  3:45  Roach Warren, Drone  
  44  3:49  Drone  
  44  3:50  Drone  
  44  3:51  Drone x2  
  44  3:53  Spore Crawler  
  47  3:56  Extractor  
  47  3:57  Drone  
  47  4:05  Drone x2  
  47  4:07  Drone x2  
  51  4:22  Drone x2  
  51  4:23  Drone x5  
  56  4:26  Lair, Spore Crawler  
  56  4:28  Spore Crawler  
  56  4:29  Roach x3  
  60  4:32  Roach  
  60  4:33  Roach  
  60  4:37  Overlord  
  64  4:40  Evolution Chamber  
  64  4:42  Extractor  
  64  4:43  Roach  
  64  4:44  Zergling x4  
  66  4:56  Zergling x8, Roach x2  
  66  4:57  Overlord  
  74  5:04  Overlord  
  74  5:09  Overlord x2  
  74  5:15  Zerg Missile Weapons Level 1  
  74  5:16  Extractor  
  73  5:26  Drone x10  
  73  5:27  Drone x2  
  83  5:37  Glial Reconstitution  
  83  5:38  Drone x2  
  83  5:39  Drone  
  85  5:45  Hydralisk Den  
  84  5:56  Queen  
  80  5:57  Overlord x2, Extractor  
  80  5:58  Overlord x2  
  80  5:59  Drone x3  
  80  6:03  Overlord x2  
  83  6:17  Roach x7  
  97  6:23  Queen  
  101  6:25  Roach x2  
  101  6:26  Roach x2  
  93  6:34  Muscular Augments  
  93  6:38  Hydralisk x3  
  92  6:43  Roach  
  92  6:44  Roach  
  83  7:04  Hydralisk x3  
  85  7:11  Roach x2  
  87  7:18  Roach  
  87  7:21  Hydralisk  
  91  7:30  Zergling x2  
  91  7:31  Zergling x6  
  91  7:35  Zergling x4  
  97  7:40  Zergling x4  
  99  7:44  Ravager  
  99  7:47  Zergling x6  
  99  7:49  Ravager  
  99  7:50  Zergling x2  
  75  8:20  Hydralisk x3  
  57  8:38  Roach x3  
  57  8:39  Roach  
  57  8:41  Zergling x14  
  67  8:42  Zergling x2  
  67  8:43  Zergling x10  
  76  8:57  Zergling x10  
  79  9:08  Zergling x6  

Tags
 
Add a new tag
Caveats
  • Supply blocks, unpowered buildings, or Contaminate may cause inaccurate times.
  • Supply counts are checked every 10 seconds.